MLB
CHICAGO (A) WHITE SOX @ BALTIMORE ORIOLES
06/12/2041
 
TOP OF THE 1ST
Chicago (A) White Sox batting - Pitching for Baltimore Orioles : RHP Joe Davis
Pitching: RHP Joe Davis
Batting: LHB Juan Carlos Jiménez 0-0: Called Strike
0-1: Called Strike
0-2: Ball
1-2: Ball
2-2: Ball
3-2: Base on Balls
Batting: RHB Lonnie Anderson 0-0: Foul Ball, location: 9LDF
0-1: Called Strike
0-2: Ball
1-2: Strikes out swinging
Batting: LHB Stan Waters 0-0: Ball
1-0: Called Strike
1-1: Ball
2-1: Swinging Strike
2-2: Ball
3-2: Base on Balls
Juan Carlos Jiménez to second
Batting: RHB Jesús Rodríguez 0-0: Ball
1-0: Ball
2-0: Foul Ball, location: 3SF
2-1: Foul Ball, location: 2F
2-2: Ball
3-2: Strikes out looking
Batting: LHB Jon Gates 0-0: Ball
1-0: Swinging Strike
1-1: Ball
2-1: Ball
3-1: Ground out 4-3 (Groundball, 4, EV 107.5 MPH)
Top of the 1st over - 0 runs, 0 hits, 0 errors, 2 left on base; Chicago (A) 0 - Baltimore 0
BOTTOM OF THE 1ST
Baltimore Orioles batting - Pitching for Chicago (A) White Sox : LHP Joe Wilson
Pitching: LHP Joe Wilson
Batting: RHB Freddy Hernández 0-0: Ball
1-0: Called Strike
1-1: Ball
2-1: Called Strike
2-2: Ball
3-2: SINGLE (Groundball, 6M, EV 94.4 MPH) (infield hit)
Batting: RHB Mikolas Polansky 0-0: DOUBLE (Flyball, 8LXD, EV 95.0 MPH)
Freddy Hernández to third
Batting: LHB Juan Jose Cabrera 0-0: Fly out, F7 (Flyball, 78M, EV 96.9 MPH)
Runner from 3rd tags up, SCORES, no throw by LF
Batting: RHB Kratukarana Multani 0-0: Ball
1-0: Ground out 6-3 (Groundball, 6, EV 78.8 MPH)
Mikolas Polansky to third
Batting: LHB Samad Beybukov 0-0: Ball
1-0: Ball
2-0: Called Strike
2-1: Ball
3-1: Swinging Strike
3-2: Ground out 4-3 (Groundball, 4M, EV 94.4 MPH)
Bottom of the 1st over - 1 run, 2 hits, 0 errors, 1 left on base; Chicago (A) 0 - Baltimore 1
TOP OF THE 2ND
Chicago (A) White Sox batting - Pitching for Baltimore Orioles : RHP Joe Davis
Batting: RHB Jon Heath 0-0: Ground out 5-3 (Groundball, 56S, EV 71.9 MPH)
Batting: SHB Juan Medina 0-0: Swinging Strike
0-1: Swinging Strike
0-2: Foul Ball, location: 2F
0-2: Ball
1-2: Ball
2-2: Strikes out swinging
Batting: LHB Álex Martínez 0-0: Ball
1-0: Fly out, F7 (Flyball, 7LM, EV 110.0 MPH)
Top of the 2nd over - 0 runs, 0 hits, 0 errors, 0 left on base; Chicago (A) 0 - Baltimore 1
BOTTOM OF THE 2ND
Baltimore Orioles batting - Pitching for Chicago (A) White Sox : LHP Joe Wilson
Batting: RHB Tommy Reyna 0-0: SINGLE (Groundball, 6, EV 79.4 MPH)
Batting: RHB Cedric Powers 0-0: Bunted foul
0-1: Swinging Strike
0-2: Ball
1-2: Reached on error, E5 (Groundball, 56S, EV 66.9 MPH)
Tommy Reyna to second
Batting: RHB Remigio Aguilar 0-0: Called Strike
0-1: Bunted foul
0-2: Ball
1-2: Ball
2-2: Fielders Choice at 2nd, 6-4 (Groundball, 6, EV 86.9 MPH)
Tommy Reyna to third
Batting: LHB Greg Martin 0-0: Called Strike
0-1: SINGLE (Flyball, 4D, EV 96.3 MPH)
Tommy Reyna scores
Remigio Aguilar to second
Batting: RHB Freddy Hernández 0-0: Ball
1-0: Ball
2-0: Ball
3-0: Grounds into double play, U5-3 (Groundball, 5L, EV 86.3 MPH)
Bottom of the 2nd over - 1 run, 2 hits, 1 error, 1 left on base; Chicago (A) 0 - Baltimore 2
TOP OF THE 3RD
Chicago (A) White Sox batting - Pitching for Baltimore Orioles : RHP Joe Davis
Batting: LHB Jim Alexander 0-0: Ball
1-0: DOUBLE (Flyball, 7LD, EV 103.1 MPH)
Batting: LHB Juan Carlos Jiménez 0-0: Fly out, F8 (Flyball, 8RXD, EV 100.0 MPH)
Runner from 2nd tags up, SAFE at 3rd, no throw by CF
Batting: RHB Lonnie Anderson 0-0: Swinging Strike
0-1: Ball
1-1: SINGLE (Groundball, 15S, EV 73.8 MPH) (infield hit)
Batting: LHB Stan Waters 0-0: Called Strike
0-1: Ball
1-1: Called Strike
1-2: Strikes out swinging
Batting: RHB Jesús Rodríguez 0-0: Called Strike
0-1: Called Strike
0-2: Ball
1-2: Fly out, F9 (Flyball, 9LS, EV 91.9 MPH)
Top of the 3rd over - 0 runs, 2 hits, 0 errors, 2 left on base; Chicago (A) 0 - Baltimore 2
BOTTOM OF THE 3RD
Baltimore Orioles batting - Pitching for Chicago (A) White Sox : LHP Joe Wilson
Batting: RHB Mikolas Polansky 0-0: Ball
1-0: Called Strike
1-1: Ball
2-1: Foul Ball, location: 3SF
2-2: Ball
3-2: Ground out 6-3 (Groundball, 6, EV 86.9 MPH)
Batting: LHB Juan Jose Cabrera 0-0: Foul Ball, location: 2F
0-1: Called Strike
0-2: Strikes out swinging
Batting: RHB Kratukarana Multani 0-0: Ball
1-0: Ball
2-0: Ball
3-0: DOUBLE (Line Drive, 7LS, EV 105.6 MPH)
Batting: LHB Samad Beybukov 0-0: Ground out 3-1 (Groundball, 34, EV 86.9 MPH)
Bottom of the 3rd over - 0 runs, 1 hit, 0 errors, 1 left on base; Chicago (A) 0 - Baltimore 2
TOP OF THE 4TH
Chicago (A) White Sox batting - Pitching for Baltimore Orioles : RHP Joe Davis
Batting: LHB Jon Gates 0-0: Foul Ball, location: 3F
0-1: Ball
1-1: Foul Ball, location: 2F
1-2: Ball
2-2: Foul Ball, location: 3FF
2-2: Foul Ball, location: 2F
2-2: Foul Ball, location: 2F
2-2: Ground out U3 (Groundball, 3, EV 89.4 MPH)
Batting: RHB Jon Heath 0-0: Called Strike
0-1: Ball
1-1: Ball
2-1: Ball
3-1: Swinging Strike
3-2: Foul Ball, location: 25FF
3-2: Base on Balls
Batting: SHB Juan Medina 0-0: Fly out, F7 (Line Drive, 78M, EV 94.4 MPH)
Batting: LHB Álex Martínez 0-0: Ball
1-0: Called Strike
Jon Heath steals 2nd base
1-1: Ball
2-1: Ball
3-1: Base on Balls
Batting: LHB Jim Alexander 0-0: 3-RUN HOME RUN (Flyball, 9D, EV 99.4 MPH), Distance : 399 ft
Batting: LHB Juan Carlos Jiménez 0-0: Swinging Strike
0-1: Foul Ball, location: 9LSF
0-2: Fly out, F8 (Flyball, 8LM, EV 94.4 MPH)
Top of the 4th over - 3 runs, 1 hit, 0 errors, 0 left on base; Chicago (A) 3 - Baltimore 2
BOTTOM OF THE 4TH
Baltimore Orioles batting - Pitching for Chicago (A) White Sox : LHP Joe Wilson
Batting: RHB Tommy Reyna 0-0: Ball
1-0: Ball
2-0: Ball
3-0: Base on Balls
Batting: RHB Cedric Powers 0-0: 2-RUN HOME RUN (Flyball, 78XD, EV 96.9 MPH), Distance : 377 ft
Batting: RHB Remigio Aguilar 0-0: Swinging Strike
0-1: Called Strike
0-2: Foul Ball, location: 2F
0-2: Foul Ball, location: 2F
0-2: Ground out 4-3 (Groundball, 4, EV 94.4 MPH)
Batting: LHB Greg Martin 0-0: Called Strike
0-1: Ground out 6-3 (Groundball, 6, EV 82.5 MPH)
Batting: RHB Freddy Hernández 0-0: Foul Ball, location: 7LMF
0-1: Foul Ball, location: 2F
0-2: Foul Ball, location: 23F
0-2: Foul Ball, location: 9LDF
0-2: Strikes out looking
Bottom of the 4th over - 2 runs, 1 hit, 0 errors, 0 left on base; Chicago (A) 3 - Baltimore 4
TOP OF THE 5TH
Chicago (A) White Sox batting - Pitching for Baltimore Orioles : RHP Joe Davis
Batting: RHB Lonnie Anderson 0-0: Ball
1-0: Ground out 1-3 (Groundball, 13S, EV 67.5 MPH)
Batting: LHB Stan Waters 0-0: Ball
1-0: Called Strike
1-1: Ball
2-1: Ball
3-1: DOUBLE (Groundball, 3L, EV 103.8 MPH)
Batting: RHB Jesús Rodríguez 0-0: Ball
1-0: Ground out 6-3 (Groundball, 6M, EV 86.3 MPH)
Batting: LHB Jon Gates 0-0: DOUBLE (Line Drive, 78M, EV 99.4 MPH)
Stan Waters scores
Batting: RHB Jon Heath 0-0: Fly out, F8 (Line Drive, 8RD, EV 106.9 MPH)
Top of the 5th over - 1 run, 2 hits, 0 errors, 1 left on base; Chicago (A) 4 - Baltimore 4
BOTTOM OF THE 5TH
Baltimore Orioles batting - Pitching for Chicago (A) White Sox : LHP Joe Wilson
Batting: RHB Mikolas Polansky 0-0: Ball
1-0: Ball
2-0: Ball
3-0: Called Strike
3-1: Fly out, F2 (Popup, 25F, EV 85.6 MPH)
Batting: LHB Juan Jose Cabrera 0-0: Called Strike
0-1: Ball
1-1: SOLO HOME RUN (Flyball, 9D, EV 98.1 MPH), Distance : 369 ft
Batting: RHB Kratukarana Multani 0-0: Ball
1-0: Fly out, F8 (Flyball, 89M, EV 94.4 MPH)
Batting: LHB Samad Beybukov 0-0: SINGLE (Groundball, 6MD, EV 96.3 MPH)
Batting: RHB Tommy Reyna 0-0: Ball
1-0: Foul Ball, location: 25F
1-1: Foul Ball, location: 5F
1-2: Strikes out swinging passed ball, reaches first!
Samad Beybukov to second
Batting: RHB Cedric Powers 0-0: Ball
1-0: Swinging Strike
1-1: Ball
2-1: Ball
3-1: Called Strike
3-2: 3-RUN HOME RUN (Flyball, 7LD, EV 95.6 MPH), Distance : 356 ft
Pitching: RHP Joaquín López
Batting: RHB Remigio Aguilar 0-0: Ball
1-0: Foul Ball, location: 7LSF
1-1: Foul Ball, location: 2F
1-2: Ground out 4-3 (Groundball, 4, EV 86.3 MPH)
Bottom of the 5th over - 4 runs, 3 hits, 0 errors, 0 left on base; Chicago (A) 4 - Baltimore 8
TOP OF THE 6TH
Chicago (A) White Sox batting - Pitching for Baltimore Orioles : RHP Joe Davis
Pitching: RHP Billy Cooley
Batting: SHB Juan Medina 0-0: Ball
1-0: Called Strike
1-1: Ball
2-1: Ground out 1-3 (Groundball, 34S, EV 71.9 MPH)
Batting: LHB Álex Martínez 0-0: Called Strike
0-1: Called Strike
0-2: Foul Ball, location: 7LSF
0-2: Strikes out swinging
Batting: LHB Jim Alexander 0-0: Ball
1-0: Called Strike
1-1: Foul Ball, location: 5SF
1-2: Foul Ball, location: 5SF
1-2: Fly out, F7 (Flyball, 7, EV 103.8 MPH)
Top of the 6th over - 0 runs, 0 hits, 0 errors, 0 left on base; Chicago (A) 4 - Baltimore 8
BOTTOM OF THE 6TH
Baltimore Orioles batting - Pitching for Chicago (A) White Sox : RHP Joaquín López
Batting: LHB Greg Martin 0-0: Ball
1-0: Ground out 4-3 (Groundball, 4, EV 85.6 MPH)
Batting: RHB Freddy Hernández 0-0: Ball
1-0: Ground out U3 (Groundball, 3L, EV 100.0 MPH)
Batting: RHB Mikolas Polansky 0-0: Called Strike
0-1: Swinging Strike
0-2: Ball
1-2: Strikes out swinging
Bottom of the 6th over - 0 runs, 0 hits, 0 errors, 0 left on base; Chicago (A) 4 - Baltimore 8
TOP OF THE 7TH
Chicago (A) White Sox batting - Pitching for Baltimore Orioles : RHP Billy Cooley
Batting: LHB Juan Carlos Jiménez 0-0: Ball
1-0: Fly out, F9 (Flyball, 9, EV 84.4 MPH)
Batting: RHB Lonnie Anderson 0-0: Called Strike
0-1: Ball
1-1: Ball
2-1: Fly out, F7 (Flyball, 7D, EV 86.9 MPH)
Batting: LHB Stan Waters 0-0: Ball
1-0: Swinging Strike
1-1: Ball
2-1: Ball
3-1: Called Strike
3-2: Base on Balls
Batting: RHB Jesús Rodríguez 0-0: Called Strike
0-1: Ball
1-1: Ball
2-1: Ball
3-1: SINGLE (Groundball, 4MD, EV 101.3 MPH)
Stan Waters to second
Runner from 2nd tries for 3rd, SAFE, no throw by CF
Batting: LHB Jon Gates 0-0: Called Strike
0-1: Ball
1-1: Foul Ball, location: 2F
1-2: Ball
2-2: Ball
3-2: Base on Balls
Jesús Rodríguez to second
Batting: RHB Jon Heath 0-0: Ball
1-0: Swinging Strike
1-1: Swinging Strike
1-2: Fly out, F7 (Flyball, 7, EV 91.3 MPH)
Top of the 7th over - 0 runs, 1 hit, 0 errors, 3 left on base; Chicago (A) 4 - Baltimore 8
BOTTOM OF THE 7TH
Baltimore Orioles batting - Pitching for Chicago (A) White Sox : RHP Joaquín López
Batting: LHB Juan Jose Cabrera 0-0: Called Strike
0-1: Foul Ball, location: 9LSF
0-2: Foul Ball, location: 23F
0-2: Strikes out swinging
Batting: RHB Kratukarana Multani 0-0: Called Strike
0-1: Called Strike
0-2: Strikes out swinging
Batting: LHB Samad Beybukov 0-0: Swinging Strike
0-1: Ball
1-1: Foul Ball, location: 3F
1-2: Ball
2-2: Foul Ball, location: 7LSF
2-2: Ball
3-2: Strikes out swinging
Bottom of the 7th over - 0 runs, 0 hits, 0 errors, 0 left on base; Chicago (A) 4 - Baltimore 8
TOP OF THE 8TH
Chicago (A) White Sox batting - Pitching for Baltimore Orioles : RHP Billy Cooley
Batting: SHB Juan Medina 0-0: Ball
1-0: Ball
2-0: Foul Ball, location: 2F
2-1: Ball
3-1: Foul Ball, location: 2F
3-2: Ground out 4-3 (Groundball, 4, EV 92.5 MPH)
Batting: LHB Álex Martínez 0-0: Ball
1-0: Ball
2-0: SINGLE (Line Drive, 9LS, EV 106.9 MPH)
Pitching: RHP Steve Phelps
Batting: LHB Jim Alexander 0-0: Called Strike
0-1: Ball
1-1: SINGLE (Line Drive, 5D, EV 97.5 MPH)
Álex Martínez to second
Batting: LHB Juan Carlos Jiménez 0-0: Foul Ball, location: 2F
0-1: Grounds into double play, 6-4-3 (Groundball, 6, EV 91.9 MPH)
Top of the 8th over - 0 runs, 2 hits, 0 errors, 1 left on base; Chicago (A) 4 - Baltimore 8
BOTTOM OF THE 8TH
Baltimore Orioles batting - Pitching for Chicago (A) White Sox : RHP Joaquín López
Batting: RHB Tommy Reyna 0-0: Called Strike
0-1: Ball
1-1: Fly out, F4 (Popup, 34, EV 65.6 MPH)
Batting: RHB Cedric Powers 0-0: Ball
1-0: Foul Ball, location: 9LDF
1-1: Foul Ball, location: 2LF
1-2: Ball
2-2: Ball
3-2: Foul Ball, location: 3FF
3-2: Foul Ball, location: 9LMF
3-2: Base on Balls
Pitching: RHP Alfredo Rodríguez
Batting: RHB Remigio Aguilar 0-0: Ball
1-0: Ball
2-0: Ground out 4-3 (Groundball, 34S, EV 81.3 MPH)
Cedric Powers to second
Batting: LHB Greg Martin 0-0: Called Strike
0-1: Called Strike
0-2: Strikes out swinging
Bottom of the 8th over - 0 runs, 0 hits, 0 errors, 1 left on base; Chicago (A) 4 - Baltimore 8
TOP OF THE 9TH
Chicago (A) White Sox batting - Pitching for Baltimore Orioles : RHP Steve Phelps
Pitching: RHP Edgardo Gonzáles
Batting: RHB Lonnie Anderson 0-0: Ball
1-0: Ball
2-0: Swinging Strike
2-1: Ball
3-1: Base on Balls
Batting: LHB Stan Waters 0-0: Ball
1-0: Fly out, F7 (Line Drive, 7, EV 97.5 MPH)
Batting: RHB Jesús Rodríguez 0-0: Foul Ball, location: 2F
0-1: Foul Ball, location: 2F
0-2: Ball
1-2: DOUBLE (Line Drive, 3D, EV 95.6 MPH)
Lonnie Anderson to third
Batting: LHB Jon Gates 0-0: Ball
1-0: Called Strike
1-1: Ball
2-1: Fly out, F7 (Flyball, 7, EV 89.4 MPH)
Batting: RHB Jon Heath 0-0: Called Strike
0-1: Ball
Wild Pitch!
Lonnie Anderson scores
Jesús Rodríguez to third
1-1: Ball
2-1: SINGLE (Line Drive, 5D, EV 98.1 MPH)
Jesús Rodríguez scores
Batting: SHB Juan Medina 0-0: Ball
1-0: Called Strike
1-1: Ball
2-1: Called Strike
2-2: Ball
3-2: Strikes out swinging, 2-3 out at first.
Top of the 9th over - 2 runs, 2 hits, 0 errors, 1 left on base; Chicago (A) 6 - Baltimore 8
Sunday, March 24th , 2024 - OOTP Baseball 24.10 Build 82